 Dungeon Crawl Stone Soup version 0.21.0-3-g78d12a8 (webtiles) character file.

12023 HungrySpirit the Carver (level 11, -5/60 HPs)
             Began as a Vine Stalker Arcane Marksman on Jan 8, 2018.
             Was a High Priest of Okawaru.
             Slain by a soldier ant (6 damage)
             ... on level 11 of the Dungeon.
             The game lasted 00:39:41 (12119 turns).

HungrySpirit the Carver (VSAM)                     Turns: 12119, Time: 00:39:42

Health: -5/60      AC: 12    Str: 13    XL:     11   Next: 86%
Magic:  0/13       EV: 17    Int: 13    God:    Okawaru [*****.]
Gold:   458        SH:  0    Dex: 18    Spells: 12/12 levels left

rFire    . . .     SeeInvis .   M - +4 scimitar (freeze) (curse)
rCold    + . .     Gourm    .   (no shield)
rNeg     . . .     Faith    +   I - +0 troll leather armour
rPois    .         Spirit   +   (no helmet)
rElec    .         Reflect  .   (no cloak)
rCorr    .         Harm     .   l - +0 pair of gloves
MR       +....                  o - +1 pair of boots
Stlth    +.........             z - amulet of faith
HPRegen  1.00/turn              n - +5 ring of protection
MPRegen  0.13/turn              r - ring of protection from cold

@: no status effects
A: fangs 3, regeneration 1, magic shield, antimagic bite, no potion heal 3, rot
immunity
a: Heroism, Finesse, Renounce Religion


You were on level 11 of the Dungeon.
You worshipped Okawaru.
Okawaru was extremely pleased with you.
You were hungry.

You visited 2 branches of the dungeon, and saw 12 of its levels.

You collected 659 gold pieces.
You spent 201 gold pieces at shops.

Inventory:

Hand Weapons
 a - a +0 hand crossbow
 M - a cursed +4 scimitar of freezing (weapon)
Missiles
 d - 91 bolts
Armour
 l - a +0 pair of gloves (worn)
 o - a +1 pair of boots (worn)
 y - a cursed +0 buckler
 C - a +0 scale mail
 I - a +0 troll leather armour (worn)
 L - a +2 robe of cold resistance
Jewellery
 n - a +5 ring of protection (left hand)
 r - a ring of protection from cold (right hand)
 t - a +3 ring of strength
 z - an amulet of faith (around neck)
 D - an uncursed amulet of guardian spirit
Wands
 c - a wand of polymorph (14)
 p - a wand of paralysis (3)
 v - a wand of enslavement (9)
 x - a wand of random effects (12)
 F - a wand of flame (79)
 N - a wand of iceblast (6)
Scrolls
 e - 2 scrolls of magic mapping
 g - 2 scrolls of random uselessness
 h - 7 scrolls of teleportation
 i - 8 scrolls of remove curse
 k - 3 scrolls of enchant armour
 E - 2 scrolls of identify
 H - 2 scrolls of enchant weapon
 K - a scroll of amnesia
Potions
 j - 2 potions of curing
 m - 2 potions of flight
 q - 2 potions of lignification
 s - 2 potions of might
 u - 2 potions of haste
 J - 2 potions of berserk rage
 O - a potion of mutation
Comestibles
 f - 19 rations
 P - 10 chunks of flesh


   Skills:
 + Level 8.6 Fighting
   Level 4.9(8.6) Short Blades
 * Level 10.8(11.2) Long Blades
 - Level 1.7 Crossbows
 + Level 8.0 Dodging
 - Level 1.1 Spellcasting
   Level 3.0 Hexes


You had 12 spell levels left.
You didn't know any spells.

Dungeon Overview and Level Annotations

Branches:
Dungeon (11/15)            Temple (1/1) D:4            Lair (0/6) D:11
    Orc: D:9-12

Altars:
Ashenzari
Cheibriados
Dithmenos
Elyvilon
Fedhas
Gozag
Hepliaklqana
Kikubaaqudgha
Makhleb
Nemelex Xobeh
Okawaru
Qazlal
Ru
Sif Muna
Trog
Uskayaw
Vehumet
Wu Jian
Xom
Yredelemnul
Zin
The Shining One

Shops:
D:5 }   D:10 *

Annotations:
D:8 Ymberto's ghost, novice HuFi
D:10 Snorg


Innate Abilities, Weirdness & Mutations

You have razor-sharp teeth.
Your natural rate of healing is unusually fast.
When hurt, damage is shared between your health and your magic reserves.
Your bite disrupts and absorbs the magic of your enemies.
Potions cannot restore your health.
You are immune to rotting.


Message History

The soldier ant poisons you!
You hit the soldier ant. You freeze the soldier ant.
Your bite misses the soldier ant.
The soldier ant is lightly wounded.
* * * LOW HITPOINT WARNING * * *
You feel extremely sick.
You hit the soldier ant but do no damage.
You bite the soldier ant, but do no damage.
* * * LOW HITPOINT WARNING * * *
You feel very sick. The soldier ant closely misses you.
You riposte.
You closely miss the soldier ant.
The soldier ant is lightly wounded.
The soldier ant barely misses you.
You riposte.
You slash the soldier ant! You freeze the soldier ant.
Your bite misses the soldier ant.
The soldier ant is moderately wounded.
Your system rejects the healing.
You feel better. The soldier ant stings you!
* * * LOW HITPOINT WARNING * * *
The soldier ant stings you.
You die... #..# #.##. #.##.# #.a## #.##.. #aaa. #.##.# .aa. #.##.# a.a

#.##.# aa
###########'##.##.#
#.........).[#.@#.#
#........[...#.aa##.##
#.....÷..†...'..........
#..<.........########.%.
#()......(...#
########'##### #.# #.#
#..


You could see 2 soldier ants.

Vanquished Creatures
  A queen ant (D:11)
  3 two-headed ogres
  An unseen horror (D:11)
  A komodo dragon (D:11)
  2 trolls
  Grinder (D:5)
  A hornet (D:10)
  4 hippogriffs
  4 yaks (D:10)
  A spriggan (D:8)
  A wyvern (D:10)
  A hungry ghost (D:7)
  Edmund (D:5)
  5 soldier ants
  An ice beast (D:6)
  7 orc warriors
  4 sky beasts
  2 black bears (D:7)
  An eye of draining (D:9)
  6 ogres
  A phantom (D:7)
  2 centaurs
  A crocodile (D:7)
  Blork the orc (D:5)
  7 bullfrogs
  A wyvern skeleton (D:11)
  3 scorpions
  9 killer bees
  7 wights
  An electric eel (D:9)
  4 crimson imps
  2 bullfrog zombies
  6 hounds
  9 orc wizards
  A quasit (D:10)
  8 orc priests
  A centaur skeleton (D:3)
  A gnoll shaman (D:4)
  2 jellies (D:5)
  3 iguanas
  15 worker ants
  A killer bee zombie (D:8)
  3 hound skeletons
  2 howler monkey zombies
  A worker ant zombie (D:6)
  A howler monkey skeleton (D:4)
  8 gnolls
  16 adders
  3 shadow imps
  An ooze (D:5)
  3 worms
  A dart slug (D:2)
  4 leopard geckos
  28 orcs
  8 bats
  4 giant cockroaches
  5 hobgoblins
  9 jackals
  8 kobolds
  4 quokkas
  9 ball pythons
  2 frilled lizards
  8 goblins
  2 jackal skeletons
  A leopard gecko skeleton (D:5)
  3 leopard gecko zombies
  A quokka skeleton (D:7)
  4 rats
273 creatures vanquished.

Vanquished Creatures (others)
  A plant (D:11)
1 creature vanquished.

Grand Total: 274 creatures vanquished

Notes
Turn   | Place    | Note
-------+----------+-------------------------------------------
     0 | D:1      | HungrySpirit the Vine Stalker Arcane Marksman began the quest for the Orb.
     0 | D:1      | Reached XP level 1. HP: 9/9 MP: 3/3
     9 | D:1      | Reached skill level 1 in Fighting
   214 | D:1      | Reached XP level 2. HP: 14/14 MP: 4/4
   316 | D:1      | Reached skill level 1 in Short Blades
   653 | D:2      | Reached XP level 3. HP: 17/18 MP: 5/5
   882 | D:2      | Gained mutation: Your natural rate of healing is unusually fast. [Vine Stalker growth]
   882 | D:2      | Reached XP level 4. HP: 23/23 MP: 6/6
  1074 | D:2      | Reached XP level 5. HP: 26/26 MP: 5/7
  1157 | D:2      | Found a snail-covered altar of Cheibriados.
  1586 | D:3      | Reached XP level 6. HP: 32/32 MP: 8/8
  1900 | D:3      | Found a basalt altar of Yredelemnul.
  1907 | D:3      | Found a deep blue altar of Sif Muna.
  1992 | D:4      | Found a transporter.
  1996 | D:4      | Found a transporter.
  2005 | D:4      | Found an iron altar of Okawaru.
  2005 | D:4      | Found an ornate altar of the Wu Jian Council.
  2476 | D:4      | Found a staircase to the Ecumenical Temple.
  2498 | D:4      | Reached XP level 7. HP: 35/36 MP: 9/9
  2545 | Temple   | Entered the Ecumenical Temple
  2639 | D:4      | Found a white marble altar of Elyvilon.
  3376 | D:4      | Became a worshipper of Warmaster Okawaru
  3504 | D:5      | Entered Level 5 of the Dungeon
  3523 | D:5      | Noticed Blork the orc
  3529 | D:5      | Killed Blork the orc
  3530 | D:5      | Noticed Edmund
  3685 | D:5      | Found Olehieq's Gadget Boutique.
  3784 | D:5      | Reached skill level 1 in Long Blades
  3800 | D:5      | Bought a wand of iceblast (11) for 165 gold pieces
  3959 | D:5      | Reached skill level 2 in Long Blades
  3959 | D:5      | Gained mutation: You have razor-sharp teeth. [Vine Stalker growth]
  3959 | D:5      | Reached XP level 8. HP: 39/42 MP: 7/10
  4092 | D:5      | Found a shimmering altar of Xom.
  4174 | D:5      | Killed Edmund
  4208 | D:5      | Reached * piety under Okawaru
  4209 | D:5      | Noticed Grinder
  4230 | D:5      | Paralysed by Grinder for 7 turns
  4249 | D:5      | Killed Grinder
  4249 | D:5      | Reached skill level 3 in Long Blades
  4460 | D:5      | Reached skill level 4 in Long Blades
  4461 | D:5      | Found an ancient bone altar of Kikubaaqudgha.
  5008 | D:6      | Found a radiant altar of Vehumet.
  5040 | D:6      | Reached skill level 5 in Fighting
  5050 | D:6      | Reached XP level 9. HP: 38/47 MP: 9/11
  5077 | D:6      | Reached skill level 5 in Long Blades
  5157 | D:6      | Reached skill level 5 in Dodging
  5269 | D:6      | Reached ** piety under Okawaru
  5769 | D:6      | Reached skill level 6 in Long Blades
  6437 | D:8      | Noticed Ymberto's ghost (novice HuFi)
  6487 | D:8      | Noticed a two-headed ogre
  6731 | D:7      | Killed a two-headed ogre
  6731 | D:7      | Reached *** piety under Okawaru
  6731 | D:7      | Reached skill level 7 in Long Blades
  6731 | D:7      | Reached XP level 10. HP: 35/53 MP: 8/12
  7105 | D:7      | Reached **** piety under Okawaru
  7126 | D:7      | Reached skill level 8 in Long Blades
  7198 | D:8      | Found a shattered altar of Ashenzari.
  7511 | D:8      | Found a sparkling altar of Nemelex Xobeh.
  7962 | D:8      | Found a bloodstained altar of Trog.
  8051 | D:9      | Reached ***** piety under Okawaru
  8051 | D:9      | Received a gift from Okawaru
  8190 | D:9      | Found a shadowy altar of Dithmenos.
  8686 | D:9      | Reached skill level 9 in Long Blades
  8739 | D:9      | Found a burning altar of Makhleb.
  8985 | D:10     | Entered Level 10 of the Dungeon
  9104 | D:10     | Received a gift from Okawaru
  9229 | D:10     | Reached XP level 11. HP: 51/58 MP: 13/13
  9641 | D:10     | Noticed a two-headed ogre
  9705 | D:10     | Killed a two-headed ogre
  9705 | D:10     | Received a gift from Okawaru
 10110 | D:10     | Noticed Snorg
 10354 | D:10     | Noticed a two-headed ogre
 10361 | D:10     | Killed a two-headed ogre
 10361 | D:10     | Reached skill level 10 in Long Blades
 10482 | D:10     | Found Pikusiav's General Store.
 10485 | D:10     | Bought a scroll of teleportation for 36 gold pieces
 11144 | D:11     | Noticed a cyclops
 11333 | D:11     | Killed an unseen horror
 11365 | D:11     | Found a staircase to the Lair.
 12093 | D:11     | Noticed a queen ant
 12115 | D:11     | Killed a queen ant
 12119 | D:11     | HP: 1/60 [soldier ant (4)]
 12119 | D:11     | Slain by a soldier ant

Skill      XL: |  1  2  3  4  5  6  7  8  9 10 11 |
---------------+----------------------------------+-----
Fighting       | 1 2 3 4 5 6 7 8 |  8.6
Short Blades   | 1 2 3 4 |  4.9
Dodging        | 2 3 4 6 7 8 |  8.0
Long Blades    | 2 4 7 9 10 | 10.8
Crossbows      | |  1.7
Spellcasting   | |  1.1
Hexes          | |  3.0

Action                   |  1- 3 |  4- 6 |  7- 9 | 10-12 || total
-------------------------+-------+-------+-------+-------++-------
Melee: Unarmed           |       |     2 |    10 |       ||    12
       Short sword       |       |       |   438 |   590 ||  1028
       Bite              |       |       |   159 |   242 ||   401
       Scimitar          |       |       |       |    50 ||    50
       Punch             |       |       |       |     2 ||     2
 Fire: Hand crossbow     |    57 |   193 |    22 |       ||   272
Invok: Heroism           |       |       |     7 |     7 ||    14
Evoke: Wand              |       |       |    12 |    25 ||    37
  Use: Potion            |       |     3 |     4 |     1 ||     8
       Scroll            |       |       |     9 |     8 ||    17
 Stab: Sleeping          |       |       |       |     2 ||     2
       Paralysed         |       |       |       |     7 ||     7
  Eat: Chunk             |       |     5 |    13 |    18 ||    36
Armor: Robe              |     8 |    26 |     5 |       ||    39
       Skin              |       |     2 |     7 |       ||     9
       Scale mail        |       |       |   137 |    53 ||   190
       Troll leather arm |       |       |       |   130 ||   130
Dodge: Dodged            |    20 |    79 |   253 |   394 ||   746
       Rpst.: Scimitar   |       |       |       |    15 ||    15
